 Dungeon Crawl Stone Soup version 0.25.1-9-gc5326a611f (webtiles) character file.

Game seed: 1895897232074370351

631 raceaflais the Sneak (level 7, -7/35 HPs)
             Began as a Vine Stalker Enchanter on Dec 29, 2020.
             Mangled by an ogre
             ... wielding a +0 giant club
              (13 damage)
             ... on level 4 of the Dungeon.
             The game lasted 00:25:56 (5409 turns).

raceaflais the Sneak (Vine Stalker Enchanter)       Turns: 5409, Time: 00:25:56

Health: -7/35      AC:  6    Str: 12    XL:     7   Next: 48%
Magic:  0/13       EV: 11    Int: 16    God:
Gold:   235        SH:  0    Dex: 14    Spells: 12/13 levels left

rFire    + . .     SeeInvis .   j - +2 quarterstaff (chaos)
rCold    x . .     Gourm    .   (shield currently unavailable)
rNeg     . . .     Faith    .   g - +0 ring mail
rPois    .         Spirit   +   s - +0 helmet
rElec    .         Reflect  .   (no cloak)
rCorr    .         Harm     .   (no gloves)
MR       .....                  (no boots)
Stlth    ++........             q - amulet of guardian spirit
HPRegen  0.51/turn              A - ring of fire
MPRegen  0.13/turn              (no ring)

@: brilliant, very slightly contaminated
A: fangs 2, regeneration 1, magic shield, antimagic bite, no potion heal 3, rot
immunity
a: no special abilities


You were on level 4 of the Dungeon.
You were not hungry.

You visited 1 branch of the dungeon, and saw 4 of its levels.

You collected 235 gold pieces.

Inventory:

Hand Weapons
 a - a +1 dagger
 j - a +2 quarterstaff of chaos (weapon)
 n - a +3 dagger of protection
 o - a +0 rapier
 p - a +0 spear
 u - a +0 morningstar
 B - a +0 mace of protection
Missiles
 c - 147 stones (quivered)
 e - 133 arrows
 k - 18 poisoned darts
 m - 70 sling bullets
 v - 2 boomerangs
Armour
 b - a +0 robe
 g - a +0 ring mail (worn)
 r - a +0 animal skin
 s - a +0 helmet (worn)
 w - a +0 cloak
 y - a +0 cloak
Jewellery
 q - an amulet of guardian spirit (around neck)
 A - a ring of fire (left hand)
Wands
 C - a wand of flame (21)
Scrolls
 l - 4 scrolls of identify
 x - a scroll of random uselessness
 z - a scroll of teleportation
Potions
 t - 2 potions of curing
Comestibles
 d - 6 rations
 i - 7 chunks of flesh


   Skills:
 + Level 2.0 Fighting
 + Level 2.3 Short Blades
 + Level 2.3 Staves
 + Level 0.2 Throwing
 + Level 2.3 Armour
 + Level 2.3 Dodging
 + Level 4.3 Stealth
 + Level 3.7 Spellcasting
 + Level 4.3 Hexes


You had 12 spell levels left.
You knew the following spells:

 Your Spells              Type           Power        Failure   Level  Hunger
a - Corona                Hex            ####...      6%          1    None

Your spell library contained the following spells:

 Spells                   Type           Power        Failure   Level  Hunger
 Confusing Touch          Hex            ####....     19%         3    None
 Tukima's Dance           Hex            ####....     19%         3    None
 Ensorcelled Hibernation  Hex/Ice        ###...       24%         2    None
 Dazzling Flash           Conj/Hex       ###...       43%         3    None


Dungeon Overview and Level Annotations

Branches:
Dungeon (4/15)
 Temple: D:4-7

Altars:
Okawaru
The Shining One


Innate Abilities, Weirdness & Mutations

You have extremely sharp teeth.
Your natural rate of healing is unusually fast.
When hurt, damage is shared between your health and your magic reserves.
Your bite disrupts and absorbs the magic of your enemies.
Potions cannot restore your health.
You are immune to rotting.


Message History

You are too injured to fight recklessly!
You are too injured to fight recklessly!
You are too injured to fight recklessly!
You are too injured to fight recklessly!
You hit the ogre.
The ogre is poisoned.
The ogre is severely wounded.
A quokka comes into view.
The ogre closely misses you. The ogre hits you with a +0 giant club!
* * * LOW HITPOINT WARNING * * *
You have no ailments to cure.
Magic courses through your body.
You feel clever all of a sudden.
You kill the ogre!
Your Fighting skill increases to level 2!
The ogre closely misses you.
You sock the ogre!
The ogre is heavily wounded.
The ogre blinks!
The ogre hits you with a +0 giant club!!
You die...

##.....#.#)....
#.....#.#.....
#####.....#.#.....
............#..... ###
#####.......#..... #...
#.......#.###.
#....###########..#.# #.
............####....# #.
......O@....'.......###'
...#..r.....####........
#.######)####........ #
#...............
#.#.#######.###.
#.#......##.# #.
#.######.##.# #. #.#
#....# #. #.###########
#.


You could see an ogre (corona) and a quokka.

Vanquished Creatures
  An ogre (D:4)
  A scorpion (D:4)
  A howler monkey (D:4)
  Crazy Yiuf (D:3)
  5 orc wizards (D:4)
  3 orc priests (D:4)
  A worker ant (D:4)
  Robin (D:3)
  5 adders
  An ooze (D:3)
  4 worms
  A dart slug (D:1)
  3 leopard geckos
  11 orcs
  5 giant cockroaches
  5 hobgoblins
  7 jackals
  10 kobolds
  A quokka (D:3)
  3 ball pythons
  4 bats
  4 frilled lizards
  19 goblins
  18 rats
115 creatures vanquished.

Notes
Turn   | Place    | Note
-------+----------+-------------------------------------------
     0 | D:1      | raceaflais the Vine Stalker Enchanter began the quest for
                  | the Orb.
     0 | D:1      | Reached XP level 1. HP: 9/9 MP: 4/4
   346 | D:1      | Reached skill level 1 in Short Blades
   873 | D:1      | Reached XP level 2. HP: 13/13 MP: 6/6
  1565 | D:2      | Reached XP level 3. HP: 15/16 MP: 5/7
  1977 | D:2      | Found a glowing golden altar of the Shining One.
  2141 | D:2      | Gained mutation: Your natural rate of healing is unusually
                  | fast. [Vine Stalker growth]
  2141 | D:2      | Reached XP level 4. HP: 21/21 MP: 8/8
  2379 | D:2      | Found an iron altar of Okawaru.
  2747 | D:3      | Noticed Robin
  2760 | D:3      | HP: 1/21 [goblin/+0 dagger (1)]
  2762 | D:3      | Killed Robin
  2895 | D:3      | Reached XP level 5. HP: 9/24 MP: 5/10
  3369 | D:3      | Found a faded altar of an unknown god.
  4112 | D:3      | Found a runed translucent door.
  4139 | D:3      | Noticed Crazy Yiuf
  4150 | D:3      | Killed Crazy Yiuf
  4150 | D:3      | Reached skill level 1 in Armour
  4484 | D:4      | Reached skill level 1 in Fighting
  4550 | D:4      | Reached XP level 6. HP: 14/30 MP: 5/11
  4988 | D:4      | Reached skill level 1 in Staves
  5260 | D:4      | Reached XP level 7. HP: 20/33 MP: 6/13
  5409 | D:4      | Mangled by an ogre

Illustrated notes

Levels and vault maps discovered:
D:1:      ebering_trefoil_twist, layout_basic, minmay_pentomino_x4
D:2:      layout_loops_cross, tso_altar, lemuel_crystal_altar,
          chequers_serial_rivers_marsh, minmay_rat_gold_closets
D:3:      layout_loops_ring, chequers_ecumenical_altar_island,
          roderic_nine_men_s_morris, uniq_crazy_yiuf_cottage, uniq_robin
D:4:      layout_basic

Skill      XL: |  1  2  3  4  5  6  7 |
---------------+----------------------+-----
Short Blades   | 1 2 |  2.3
Stealth        | 4 |  4.3
Spellcasting   | 3 |  3.7
Armour         | 1 2 |  2.3
Hexes          | 4 |  4.3
Fighting       | 1 2 |  2.0
Dodging        | 2 |  2.3
Staves         | 1 2 |  2.3
Throwing       | |  0.2

Action                   |  1- 3 |  4- 6 |  7- 9 || total
-------------------------+-------+-------+-------++-------
Melee: Dagger            |   102 |   169 |       ||   271
       Bite              |    23 |    65 |     5 ||    93
       Quarterstaff      |       |    74 |    26 ||   100
Throw: Stone             |     1 |     1 |       ||     2
 Cast: Corona            |    30 |    43 |     7 ||    80
Evoke: Wand              |       |     8 |       ||     8
  Use: Scroll            |     3 |     8 |       ||    11
       Potion            |     3 |     8 |     2 ||    13
 Stab: Sleeping          |     6 |     1 |       ||     7
  Eat: Chunk             |     4 |     7 |     1 ||    12
       Ration            |       |     1 |       ||     1
Armor: Robe              |     5 |       |       ||     5
       Ring mail         |    18 |   131 |    14 ||   163
Dodge: Dodged            |    47 |   174 |    15 ||   236
